 Dungeon Crawl Stone Soup version 0.19.0-2-gae57169 (webtiles) character file.

69 Chiseanne the Sneak (level 4, -3/22 HPs)
             Began as a Spriggan Wanderer on Nov 4, 2016.
             Slain by Jessica
             ... wielding a +0 dagger of flaming
              (5 damage)
             ... on level 3 of the Dungeon.
             The game lasted 00:11:24 (1751 turns).

Chiseanne the Sneak (Spriggan Wanderer)             Turns: 1751, Time: 00:11:26

Health: -3/22      AC:  2    Str:  7    XL:     4   Next: 2%
Magic:  9/9        EV: 20    Int: 14    God:    Xom [....*.]
Gold:   28         SH:  0    Dex: 16    Spells: 0 memorised, 8 levels left

rFire  . . .     SeeInvis +     a - +0 hand axe
rCold  + . .     Gourm    .     e - +0 robe
rNeg   . . .     Faith    .     (shield restricted)
rPois  .         Spirit   .     (helmet restricted)
rElec  .         Reflect  .     (no cloak)
rCorr  .         Harm     .     (gloves unavailable)
MR     .....                    (boots unavailable)
Stlth  ++........               (no amulet)
                                (no ring)
                                (no ring)

@: drained, very quick
A: unfitting armour, repulsion field 1, see invisible, cold resistance 1,
herbivore 3, speed 3, slow metabolism 2, no device heal 1, MP-powered wands
a: Renounce Religion


You were on level 3 of the Dungeon.
You worshipped Xom.
You were a beloved toy of Xom.
You were not hungry.

You visited 1 branch of the dungeon, and saw 3 of its levels.

You collected 28 gold pieces.

Inventory:

Hand Weapons
 a - a +0 hand axe (weapon)
 w - a +2 blowgun
Missiles
 d - 25 bolts
 l - 51 stones (quivered)
Armour
 e - a +0 robe (worn)
Scrolls
 b - a scroll of identify
 g - a scroll of remove curse
Comestibles
 f - 2 bread rations
 m - 5 fruits


   Skills:
 - Level 1.0(0.0) Fighting
 - Level 1.0(0.0) Throwing
 * Level 4.1(3.0) Dodging
 * Level 4.5(3.3) Stealth
 - Level 2.6(1.5) Spellcasting
   Level 1.5(0.4) Translocations
   Level 1.7(0.7) Earth Magic
   Level 1.3(0.3) Evocations


You had 8 spell levels left.
You didn't know any spells.

Dungeon Overview and Level Annotations

Branches:
Dungeon (3/15)

Altars:
Cheibriados
Hepliaklqana
Xom

Annotations:
D:3 Grinder, Jessica, Robin


Innate Abilities, Weirdness & Mutations

You are very small and have problems with some larger weapons.
You are too small for most types of armour.
You have supernaturally acute eyesight. (SInv)
You are a herbivore.
You cover ground extremely quickly.
You need consume almost no food.
You are surrounded by a mild repulsion field. (EV +2)
Your flesh is cold resistant. (rC+)
Potions and wands are less effective at restoring your health.
You expend magic power (3 MP) to strengthen your wands.


Message History

Jessica zaps a wand.
The puff of flame hits you!
Firing (i - inventory. (,) - cycle):
i - a poisoned needle (quivered)
Press: ? - help, Shift-Dir - straight line, f/p - Jessica
Aim: Jessica, wielding a dagger of flaming, wearing a runed robe and carrying a wand of flame {zapped: 2} (lightly wounded)
You shoot a poisoned needle. The poisoned needle hits Jessica.
Jessica is poisoned.
Jessica is lightly wounded.
Jessica hits you but does no damage.
Wield which item (- for none, * to show all)? (? for menu, Esc to quit)
a - a +0 hand axe (weapon)
Your system partially rejects the healing.
You feel better. Jessica casts a spell at you. Pain shoots through your body!
Ouch! That really hurt!
* * * LOW HITPOINT WARNING * * *
You hit Jessica.
Jessica is severely wounded.
Jessica hits you with a dagger of flaming.
You die...

#.# #.#
#.#.# #.#.#
#.#.#
#.#.######.
#.#........
. #.#@+ .
########.#@#
#.........b#
#.#######..#
#.# ##.# ###
#.# #.# ..#
#.# #.# #.#
#.# #.#
###.###.#
#.#


You could see Jessica and a bat.

Vanquished Creatures
  4 adders (D:2)
  An ooze (D:1)
  2 dart slugs (D:2)
  4 bats
  5 hobgoblins
  3 kobolds (D:2)
  2 goblins
  4 rats
25 creatures vanquished.

Notes
Turn   | Place    | Note
-------+----------+-------------------------------------------
     0 | D:1      | Chiseanne the Spriggan Wanderer began the quest for the Orb.
     0 | D:1      | Chiseanne set off with: 2 curare-tipped needles, a +2 blowgun, a potion of curing, a potion of lignification, a +0 robe, a bread ration
     0 | D:1      | Reached XP level 1. HP: 10/10 MP: 5/5
   374 | D:1      | Reached XP level 2. HP: 14/14 MP: 6/6
   742 | D:2      | Found a shimmering altar of Xom.
   747 | D:2      | Became a worshipper of Xom of Chaos
   781 | D:2      | XOM: silly message
   826 | D:2      | Reached XP level 3. HP: 15/18 MP: 8/8
   960 | D:2      | XOM: silly message
  1378 | D:2      | Found a snail-covered altar of Cheibriados.
  1395 | D:2      | XOM: harmless Pois miscast
  1424 | D:2      | Found a hazy altar of Hepliaklqana.
  1444 | D:2      | Gained mutation: You are frail. (-10% HP) [potion of mutation]
  1444 | D:2      | Gained mutation: You expend magic power (3 MP) to strengthen your wands. [potion of mutation]
  1444 | D:2      | Lost mutation: You are frail. (-10% HP) [potion of mutation]
  1445 | D:2      | Gained mutation: You are surrounded by a mild repulsion field. (EV +2) [potion of mutation]
  1445 | D:2      | Gained mutation: Potions and wands are less effective at restoring your health. [potion of mutation]
  1445 | D:2      | Gained mutation: Your flesh is cold resistant. (rC+) [potion of mutation]
  1520 | D:3      | Reached XP level 4. HP: 20/22 MP: 9/9
  1538 | D:3      | Noticed Grinder
  1642 | D:2      | XOM: draining
  1703 | D:3      | Noticed Robin
  1738 | D:3      | Noticed Jessica
  1751 | D:3      | Slain by Jessica

Skill      XL: |  1  2  3 |
---------------+----------+-----
Dodging        | 2 3 4 |  4.1
Stealth        | 2 3 4 |  4.5
Fighting       | |  1.0
Throwing       | |  1.0
Spellcasting   | |  2.6
Translocations | |  1.5
Earth Magic    | |  1.7
Evocations     | |  1.3

Action                   |  1- 3 |  4- 6 || total
-------------------------+-------+-------++-------
Melee: Hand axe          |    69 |     7 ||    76
 Fire: Blowgun           |    21 |     2 ||    23
  Use: Scroll            |     4 |       ||     4
       Potion            |     3 |     1 ||     4
 Stab: Sleeping          |     2 |     2 ||     4
Armor: Robe              |    11 |     1 ||    12
       Skin              |    10 |       ||    10
Dodge: Dodged            |    80 |     8 ||    88
